AoeStats
← AhMeskoozy

Arena

510470536Analyzed
4v4 RM · 2d ago on Oct 1, 2026· 26m 26s· 8 players
Game mode
Random Map
Map size
Large (8 player)
Population
200
Speed
Normal
Resources
Standard
Victory
Conquest
Starting age
Dark Age
Ending age
Imperial Age
RankedLock teamsTeams togetherTeam positionsShared explorationLock speedFull tech treeHidden civsTurbo modeCheats
Victory
Defeat
🇲🇽 Teutons · Mexico
1024
+10
🇲🇽 Portuguese · Mexico
987
+12
🇲🇽 Huns · Mexico
864
+17
🇲🇽 Byzantines · Mexico
804
+49
🇨🇦 Poles · Canada
952
-17
🇺🇸 Slavs · United States
912
-16
🇺🇸 Spanish · United States
856
-13
🇺🇸 Khmer · United States
814
-12
Knight_Romero83
9:53 Feudal Age
8:43 Loom
10:23 Man-at-Arms
17:04 Fletching
24:57 Castle Age
22:54 Double-Bit Axe
25:35 Scale Mail Armor
25:46 Forging
26:31 Bow Saw
26:03 Horse Collar
25:56 Long Swordsman
EivorTovar
2:05 Loom
12:03 Feudal Age
12:57 Double-Bit Axe
17:30 Gold Mining
17:34 Stone Mining
19:48 Castle Age
20:50 Bow Saw
21:17 Gold Mining
27:05 Bloodlines
alexdace1982
9:09 Loom
13:31 Feudal Age
18:41 Double-Bit Axe
ReBeL_PuMa
3:30 Loom
11:25 Feudal Age
12:14 Town Watch
16:20 Castle Age
17:05 Double-Bit Axe
17:07 Horse Collar
18:02 Bow Saw
20:10 Pikeman
22:00 Scale Mail Armor
26:36 Heavy Plow
JESUS CHRIST
3:02 Loom
11:04 Feudal Age
17:17 Double-Bit Axe
17:21 Horse Collar
25:02 Castle Age
23:23 Forging
23:18 Padded Archer Armor
Vancouver BC
13:58 Feudal Age
13:19 Loom
22:35 Castle Age
AhMeskoozy
S1lv3r81
11:14 Feudal Age
15:09 Castle Age
14:26 Double-Bit Axe
14:22 Horse Collar
15:56 Loom
16:27 Bow Saw
16:14 Man-at-Arms
16:55 Squires
17:15 Forging
17:05 Scale Mail Armor
18:49 Long Swordsman
20:37 Scale Mail Armor
Connection lost

Rejoining the realm…

Still unreachable

The connection could not be restored.

Session expired

The server has moved on; the page needs a fresh start.